PAAA
ROYSE CITY TARGARYENS @ BANGOR TRIDENT BASE OGRES
05/27/2022
 
TOP OF THE 1ST
Royse City Targaryens batting - Pitching for Bangor Trident Base Ogres : LHP Víctor Sánchez
Pitching: LHP Víctor Sánchez
Batting: RHB Tristan Kuhn 0-0: Ball
1-0: Ball
2-0: Called Strike
2-1: Foul Ball, location: 2F
2-2: Strikes out swinging
Batting: LHB Miguel Juárez 0-0: Swinging Strike
0-1: Ball
1-1: Ball
2-1: Foul Ball, location: 2F
2-2: Ground out 4-3 (Groundball, 4)
Batting: LHB Carlos Álvarez 0-0: Ball
1-0: Ball
2-0: Called Strike
2-1: SINGLE (Flyball, 7LS)
Batting: RHB Bartolo Martínez 0-0: Called Strike
0-1: Foul Ball, location: 2F
0-2: Foul Ball, location: 2F
0-2: Foul Ball, location: 2F
0-2: Ball
1-2: Strikes out looking
Top of the 1st over - 0 run(s), 1 hit(s), 0 error(s), 1 left on base; Royse City 0 - Bangor Trident Base 0
BOTTOM OF THE 1ST
Bangor Trident Base Ogres batting - Pitching for Royse City Targaryens : RHP Hirokichi Kichida
Pitching: RHP Hirokichi Kichida
Batting: RHB Elvis Larson 0-0: Swinging Strike
0-1: Called Strike
0-2: Foul Ball, location: 2F
0-2: Ball
1-2: Ball
2-2: Strikes out swinging
Batting: RHB Tom Baker 0-0: Ball
1-0: Called Strike
1-1: Ball
2-1: Foul Ball, location: 2F
2-2: Strikes out swinging
Batting: RHB Chae-hyeong Kim 0-0: Ball
1-0: Foul Ball, location: 2F
1-1: Ball
2-1: SINGLE (Line Drive, 78S)
Batting: RHB Bertrand Sunter 0-0: Called Strike
0-1: Ball
1-1: Foul Ball, location: 2F
1-2: Foul Ball, location: 2F
1-2: SINGLE (Groundball, 56D)
Chae-hyeong Kim to second
Batting: RHB Jesús Martínez 0-0: Ball
1-0: SINGLE (Line Drive, 9S)
Chae-hyeong Kim to third
Bertrand Sunter to second
Runner from 3rd tries for Home, SAFE, throw made home
Batting: RHB Jeremy Christensen 0-0: Called Strike
0-1: Swinging Strike
0-2: Strikes out swinging
Bottom of the 1st over - 1 run(s), 3 hit(s), 0 error(s), 2 left on base; Royse City 0 - Bangor Trident Base 1
TOP OF THE 2ND
Royse City Targaryens batting - Pitching for Bangor Trident Base Ogres : LHP Víctor Sánchez
Batting: SHB Robbie Anderson 0-0: Ball
1-0: Ball
2-0: Called Strike
2-1: Foul Ball, location: 2F
2-2: Ball
3-2: Foul Ball, location: 2F
3-2: Base on Balls
Batting: RHB Domingo García 0-0: Foul Ball, location: 2F
0-1: DOUBLE (Line Drive, 7LS)
Robbie Anderson to third
Runner from 3rd tries for Home, SAFE, no throw or cutoff
Batting: RHB Henry Jones 0-0: Called Strike
0-1: Ball
Passed Ball!
Domingo García to third
1-1: Foul Ball, location: 2F
1-2: Strikes out swinging
Batting: RHB Spencer Curry 0-0: Called Strike
0-1: Ball
1-1: SINGLE (Groundball, 6D)
Domingo García scores
Batting: RHB Thomas Dunlap 0-0: SINGLE (Groundball, 56D)
Spencer Curry to second
Batting: RHB Tristan Kuhn 0-0: Ball
1-0: Ball
2-0: SINGLE (Groundball, 6MS)
Spencer Curry to third
Thomas Dunlap to second
Batting: LHB Miguel Juárez 0-0: Ball
1-0: Foul Ball, location: 2F
1-1: Ball
2-1: Grounds into double play, 4-6-3 (Groundball, 4)
Top of the 2nd over - 2 run(s), 4 hit(s), 0 error(s), 2 left on base; Royse City 2 - Bangor Trident Base 1
BOTTOM OF THE 2ND
Bangor Trident Base Ogres batting - Pitching for Royse City Targaryens : RHP Hirokichi Kichida
Batting: RHB Sang-yeon Kim 0-0: Fly out, F8 (Flyball, 8RM)
Batting: RHB Hubert Dodson 0-0: Foul Ball, location: 2F
0-1: Ball
1-1: Called Strike
1-2: Fly out, F9 (Flyball, 9S)
Batting: RHB Greg Griffin 0-0: Ball
1-0: Ball
2-0: Ball
3-0: Base on Balls
Batting: RHB Elvis Larson 0-0: Swinging Strike
0-1: Ball
1-1: Ball
2-1: Foul Ball, location: 2F
2-2: Ball
3-2: SINGLE (Line Drive, 4M)
Greg Griffin to second
Greg Griffin to third
Batting: RHB Tom Baker 0-0: Reached on error, E6 (Groundball, 6)
Greg Griffin scores
Elvis Larson to third
Batting: RHB Chae-hyeong Kim 0-0: Ball
1-0: Called Strike
1-1: Ball
2-1: Called Strike
2-2: Foul Ball, location: 2F
2-2: Foul Ball, location: 2F
2-2: Ground out 1-3 (Groundball, 13)
Bottom of the 2nd over - 1 run(s), 1 hit(s), 1 error(s), 2 left on base; Royse City 2 - Bangor Trident Base 2
TOP OF THE 3RD
Royse City Targaryens batting - Pitching for Bangor Trident Base Ogres : LHP Víctor Sánchez
Batting: LHB Carlos Álvarez 0-0: Ball
1-0: SINGLE (Flyball, 89S)
Batting: RHB Bartolo Martínez 0-0: Fly out, F1 (Popup, 25)
Batting: SHB Robbie Anderson 0-0: Called Strike
0-1: Ball
1-1: Swinging Strike
1-2: Foul Ball, location: 2F
1-2: Strikes out looking
Batting: RHB Domingo García 0-0: Called Strike
0-1: Ball
1-1: Ball
2-1: Ball
3-1: Base on Balls
Carlos Álvarez to second
Batting: RHB Henry Jones 0-0: Called Strike
0-1: Foul Ball, location: 2F
0-2: Foul Ball, location: 2F
0-2: Ball
1-2: Ball
2-2: Foul Ball, location: 2F
2-2: Strikes out swinging
Top of the 3rd over - 0 run(s), 1 hit(s), 0 error(s), 2 left on base; Royse City 2 - Bangor Trident Base 2
BOTTOM OF THE 3RD
Bangor Trident Base Ogres batting - Pitching for Royse City Targaryens : RHP Hirokichi Kichida
Batting: RHB Bertrand Sunter 0-0: Fly out, F7 (Line Drive, 78M)
Batting: RHB Jesús Martínez 0-0: Ball
1-0: Foul Ball, location: 2F
1-1: Ball
2-1: Foul Ball, location: 2F
2-2: Foul Ball, location: 2F
2-2: Strikes out swinging
Batting: RHB Jeremy Christensen 0-0: Ground out 4-3 (Groundball, 4S)
Bottom of the 3rd over - 0 run(s), 0 hit(s), 0 error(s), 0 left on base; Royse City 2 - Bangor Trident Base 2
TOP OF THE 4TH
Royse City Targaryens batting - Pitching for Bangor Trident Base Ogres : LHP Víctor Sánchez
Batting: RHB Spencer Curry 0-0: Ball
1-0: Ball
2-0: Ball
3-0: Called Strike
3-1: Base on Balls
Batting: RHB Thomas Dunlap 0-0: Called Strike
0-1: Ball
1-1: Foul Ball, location: 2F
1-2: Foul Ball, location: 2F
1-2: Strikes out swinging
Batting: RHB Tristan Kuhn 0-0: Ground out 5-3 (Groundball, 5S)
Spencer Curry to second
Batting: LHB Miguel Juárez 0-0: Foul Ball, location: 2F
0-1: Fly out, F4 (Flyball, 8RS)
Top of the 4th over - 0 run(s), 0 hit(s), 0 error(s), 1 left on base; Royse City 2 - Bangor Trident Base 2
BOTTOM OF THE 4TH
Bangor Trident Base Ogres batting - Pitching for Royse City Targaryens : RHP Hirokichi Kichida
Batting: RHB Sang-yeon Kim 0-0: Foul Ball, location: 2F
0-1: Ball
1-1: Called Strike
1-2: Strikes out swinging
Batting: RHB Hubert Dodson 0-0: Called Strike
0-1: Ball
1-1: Called Strike
1-2: Strikes out swinging
Batting: RHB Greg Griffin 0-0: Ball
1-0: Ground out 6-3 (Groundball, 6)
Bottom of the 4th over - 0 run(s), 0 hit(s), 0 error(s), 0 left on base; Royse City 2 - Bangor Trident Base 2
TOP OF THE 5TH
Royse City Targaryens batting - Pitching for Bangor Trident Base Ogres : LHP Víctor Sánchez
Batting: LHB Carlos Álvarez 0-0: Called Strike
0-1: Ball
1-1: Ball
2-1: Swinging Strike
2-2: Foul Ball, location: 2F
2-2: Ball
3-2: Strikes out swinging
Batting: RHB Bartolo Martínez 0-0: Foul Ball, location: 2F
0-1: Called Strike
0-2: Foul Ball, location: 2F
0-2: Strikes out swinging
Batting: SHB Robbie Anderson 0-0: Called Strike
0-1: Swinging Strike
0-2: Ball
1-2: Ball
2-2: SINGLE (Flyball, 8RS)
Batting: RHB Domingo García 0-0: Foul Ball, location: 2F
0-1: Foul Ball, location: 2F
0-2: Ball
1-2: Fly out, F7 (Flyball, 78D)
Top of the 5th over - 0 run(s), 1 hit(s), 0 error(s), 1 left on base; Royse City 2 - Bangor Trident Base 2
BOTTOM OF THE 5TH
Bangor Trident Base Ogres batting - Pitching for Royse City Targaryens : RHP Hirokichi Kichida
Pitching: LHP Jerry Clephane
Batting: RHB Elvis Larson 0-0: Called Strike
0-1: Ball
1-1: Ball
2-1: Ball
3-1: Base on Balls
Batting: RHB Tom Baker 0-0: Sac Bunt - play at first, batter OUT! 2-3
Elvis Larson to second
Batting: RHB Chae-hyeong Kim 0-0: Ball
1-0: Called Strike
1-1: Ball
2-1: Ball
3-1: Base on Balls
Batting: RHB Bertrand Sunter 0-0: Ball
1-0: Foul Ball, location: 2F
1-1: Ball
2-1: Foul Ball, location: 2F
2-2: Strikes out looking
Batting: RHB Jesús Martínez 0-0: Fly out, F5 (Line Drive, 5)
Bottom of the 5th over - 0 run(s), 0 hit(s), 0 error(s), 2 left on base; Royse City 2 - Bangor Trident Base 2
TOP OF THE 6TH
Royse City Targaryens batting - Pitching for Bangor Trident Base Ogres : LHP Víctor Sánchez
Batting: RHB Henry Jones 0-0: Swinging Strike
0-1: Ball
1-1: Fly out, F8 (Flyball, 78M)
Batting: RHB Spencer Curry 0-0: Called Strike
0-1: Foul Ball, location: 2F
0-2: Ball
1-2: Ground out 6-3 (Groundball, 6)
Batting: RHB Thomas Dunlap 0-0: Ball
1-0: Ball
2-0: Ball
3-0: Called Strike
3-1: Called Strike
3-2: Fly out, F9 (Line Drive, 89M)
Top of the 6th over - 0 run(s), 0 hit(s), 0 error(s), 0 left on base; Royse City 2 - Bangor Trident Base 2
BOTTOM OF THE 6TH
Bangor Trident Base Ogres batting - Pitching for Royse City Targaryens : LHP Jerry Clephane
Batting: RHB Jeremy Christensen 0-0: Called Strike
0-1: SINGLE (Groundball, 15) (infield hit)
Batting: RHB Sang-yeon Kim 0-0: Ball
1-0: Bunted foul
1-1: Sac Bunt - play at first, batter OUT! 1-4
Jeremy Christensen to second
Batting: RHB Hubert Dodson 0-0: Intentional Walk
Batting: RHB Greg Griffin 0-0: Called Strike
0-1: Ball
1-1: Foul Ball, location: 2F
1-2: Ball
2-2: Ball
3-2: Fielders Choice at 2nd, 6-4 (Groundball, 6M)
Jeremy Christensen to third
Batting: RHB Elvis Larson 0-0: Ball
1-0: Fly out, F6 (Popup, 6)
Bottom of the 6th over - 0 run(s), 1 hit(s), 0 error(s), 2 left on base; Royse City 2 - Bangor Trident Base 2
TOP OF THE 7TH
Royse City Targaryens batting - Pitching for Bangor Trident Base Ogres : LHP Víctor Sánchez
Pinch Hitting: RHB Carl Good 0-0: Called Strike
0-1: Foul Ball, location: 2F
0-2: Fly out, F4 (Popup, 4)
Pinch Hitting: LHB Fernando Ramírez 0-0: SINGLE (Groundball, 34D)
Pitching: RHP Kelly Hyde
Batting: LHB Carlos Álvarez 0-0: Ball
1-0: Foul Ball, location: 2F
1-1: Ball
2-1: Ball
3-1: Foul Ball, location: 2F
3-2: Foul Ball, location: 2F
3-2: Strikes out swinging
Batting: RHB Bartolo Martínez 0-0: Ball
1-0: Foul Ball, location: 2F
1-1: Ball
2-1: Swinging Strike
2-2: Ball
3-2: Strikes out swinging
Top of the 7th over - 0 run(s), 1 hit(s), 0 error(s), 1 left on base; Royse City 2 - Bangor Trident Base 2
BOTTOM OF THE 7TH
Bangor Trident Base Ogres batting - Pitching for Royse City Targaryens : LHP Jerry Clephane
Now at 2B: Steve Ferguson
Now in RF: Carl Good
Batting: RHB Tom Baker 0-0: Ball
1-0: Called Strike
1-1: Foul Ball, location: 2F
1-2: Ball
2-2: Fly out, F8 (Flyball, 89M)
Batting: RHB Chae-hyeong Kim 0-0: Ball
1-0: Ball
2-0: Ball
3-0: Called Strike
3-1: Ground out 4-3 (Groundball, 6M)
Pitching: LHP Dan Boyle
Batting: RHB Bertrand Sunter 0-0: Ball
1-0: SINGLE (Groundball, 56)
Batting: RHB Jesús Martínez 0-0: Called Strike
0-1: Ball
1-1: SINGLE (Line Drive, 7LS)
Bertrand Sunter to second
Batting: RHB Jeremy Christensen 0-0: Ball
1-0: Ball
2-0: Ground out 6-3 (Groundball, 6)
Bottom of the 7th over - 0 run(s), 2 hit(s), 0 error(s), 2 left on base; Royse City 2 - Bangor Trident Base 2
TOP OF THE 8TH
Royse City Targaryens batting - Pitching for Bangor Trident Base Ogres : RHP Kelly Hyde
Batting: SHB Robbie Anderson 0-0: Ball
1-0: Foul Ball, location: 2F
1-1: SINGLE (Groundball, 6M)
Batting: RHB Domingo García 0-0: Bunted foul
0-1: Ball
1-1: Bunted foul
1-2: Ball
2-2: Ball
3-2: Fly out, F3 (Popup, 3F)
Batting: RHB Henry Jones 0-0: Ball
1-0: Called Strike
1-1: Ball
2-1: Foul Ball, location: 2F
2-2: Ball
3-2: Base on Balls
Robbie Anderson to second
Batting: RHB Spencer Curry 0-0: Fly out, F8 (Flyball, 8RM)
Pinch Hitting: RHB Dave Thompson 0-0: Called Strike
0-1: Foul Ball, location: 2F
0-2: Strikes out swinging
Top of the 8th over - 0 run(s), 1 hit(s), 0 error(s), 2 left on base; Royse City 2 - Bangor Trident Base 2
BOTTOM OF THE 8TH
Bangor Trident Base Ogres batting - Pitching for Royse City Targaryens : LHP Dan Boyle
Now in CF: Curt Monroe
Batting: RHB Sang-yeon Kim 0-0: Ball
Error on foul ball, E3
1-1: Ball
2-1: Called Strike
2-2: Ball
3-2: Base on Balls
Pitching: RHP Mauro Marín
Batting: RHB Hubert Dodson 0-0: Sac Bunt - play at first, batter OUT! 4-3
Sang-yeon Kim to second
Pinch Hitting: RHB Ken Fulton 0-0: Intentional Walk
Batting: RHB Elvis Larson 0-0: Foul Ball, location: 2F
0-1: Called Strike
0-2: Foul Ball, location: 2F
0-2: Strikes out swinging
Batting: RHB Tom Baker 0-0: Called Strike
0-1: Foul Ball, location: 2F
0-2: Ground out 1-3 (Groundball, 23)
Bottom of the 8th over - 0 run(s), 0 hit(s), 1 error(s), 2 left on base; Royse City 2 - Bangor Trident Base 2
TOP OF THE 9TH
Royse City Targaryens batting - Pitching for Bangor Trident Base Ogres : RHP Kelly Hyde
Pitching: RHP Andrés Martínez
Now in LF: Augusto Rocha
Batting: RHB Carl Good 0-0: Ball
1-0: Fly out, F8 (Flyball, 8LM)
Batting: RHB Steve Ferguson 0-0: Called Strike
0-1: Ball
1-1: Called Strike
1-2: Foul Ball, location: 2F
1-2: Foul Ball, location: 2F
1-2: Strikes out swinging
Batting: LHB Carlos Álvarez 0-0: Called Strike
0-1: Foul Ball, location: 2F
0-2: Strikes out looking
Top of the 9th over - 0 run(s), 0 hit(s), 0 error(s), 0 left on base; Royse City 2 - Bangor Trident Base 2
BOTTOM OF THE 9TH
Bangor Trident Base Ogres batting - Pitching for Royse City Targaryens : RHP Mauro Marín
Batting: RHB Chae-hyeong Kim 0-0: Called Strike
0-1: Foul Ball, location: 2F
0-2: Ball
1-2: Ground out 4-3 (Groundball, 4)
Batting: RHB Bertrand Sunter 0-0: Called Strike
0-1: Ball
1-1: Ball
2-1: Foul Ball, location: 2F
2-2: Hit by Pitch
Batting: RHB Jesús Martínez 0-0: Called Strike
0-1: Ball
1-1: SINGLE (Line Drive, 8LS)
Bertrand Sunter to second
Batting: RHB Jeremy Christensen 0-0: Ball
1-0: Foul Ball, location: 2F
1-1: Hit by Pitch
Bertrand Sunter to third
Jesús Martínez to second
Batting: RHB Sang-yeon Kim 0-0: Fly out, F2 (Popup, 2RF)
Batting: RHB Hubert Dodson 0-0: Swinging Strike
0-1: Swinging Strike
0-2: Foul Ball, location: 2F
0-2: Foul Ball, location: 2F
0-2: Ball
1-2: Ball
2-2: Foul Ball, location: 2F
2-2: Ball
3-2: SINGLE (Line Drive, 3D)
Bertrand Sunter scores
This league is powered by Out of the Park Baseball, the baseball management simulation game for PC, Mac and Linux
Friday, April 15th, 2016 - OOTP Baseball 16.9 Build 39